 Dungeon Crawl Stone Soup version 0.31.0-11-ge490571c62 (webtiles) character file.

Game seed: 13223562659284469900

14 Lurrus the Sneak (level 2, 0/19 HPs)
             Began as a Vampire Enchanter on Jan 26, 2024.
             Slain by a jackal (2 damage)
             ... on level 2 of the Dungeon.
             The game lasted 00:00:46 (196 turns).

Lurrus the Sneak (Vampire Enchanter)                 Turns: 196, Time: 00:00:46

Health: 0/19       AC:  2    Str:  7    XL:     2   Next: 27%
Magic:  5/5        EV: 12    Int: 17    God:
Gold:   22         SH:  0    Dex: 14    Spells: 5/5 levels left

rFire   . . .        a - +1 dagger
rCold   . . .        (no shield)
rNeg    . . .        b - +0 robe
rPois   .            (no helmet)
rElec   .            (no cloak)
rCorr   .            (no gloves)
SInv    +            (no boots)
Will    .....        (no amulet)
Stlth   +++          (no ring)
HPRegen 0.43/turn    (no ring)
MPRegen 0.09/turn

%: no passive effects
@: healing quickly
A: alive, fangs 3, see invisible, vampiric 1
a: Exsanguinate


You were on level 2 of the Dungeon.
You visited 1 branch of the dungeon, and saw 2 of its levels.

You collected 22 gold pieces.

Inventory:

Hand Weapons
 a - a +1 dagger (weapon)
Armour
 b - a +0 robe (worn)
Jewellery
 Z - a ring of wizardry
Scrolls
 d - a scroll of fear {unknown}
 f - a scroll of torment {unknown}
Potions
 c - a potion of invisibility
 e - a potion of curing {unknown}


   Skills:
 + Level 2.0 Short Blades
 - Level 2.1 Dodging
 + Level 5.1 Stealth
 - Level 2.0 Spellcasting
 - Level 4.4 Hexes


You had 5 spell levels left.
You didn't know any spells.
Your spell library contained the following spells:

 Spells                   Type           Power      Damage    Failure   Level
 Confusing Touch          Hex            16%        N/A       10%         3
 Tukima's Dance           Hex            16%        N/A       10%         3
 Ensorcelled Hibernation  Hex/Ice        18%        N/A       12%         2
 Dazzling Flash           Conj/Hex       18%        N/A       24%         3


Dungeon Overview and Level Annotations

Branches:
Dungeon (2/15)

Altars:


Innate Abilities, Weirdness & Mutations

Your natural rate of healing is accelerated.
You have razor-sharp teeth.
You have supernaturally acute eyesight. (SInv)
You are afflicted with vampirism.


Message History

You are too injured to fight recklessly!
You are too injured to fight recklessly!
You are too injured to fight recklessly!
You are too injured to fight recklessly!
You are too injured to fight recklessly!
You are too injured to fight recklessly!
You are too injured to fight recklessly!
You are too injured to fight recklessly!
You are too injured to fight recklessly!
You are too injured to fight recklessly!
You are too injured to fight recklessly!
You are too injured to fight recklessly!
You are too injured to fight recklessly!
You are too injured to fight recklessly!
Unknown command.
You hit the jackal. The jackal closely misses you. The jackal bites you. x2
The jackal closely misses you.
You hit the jackal.
You kill the jackal!
The jackal closely misses you. The jackal misses you.
You hit the jackal but do no damage. Your bite misses the jackal.
The jackal completely misses you. The jackal bites you. x2
* * * LOW HITPOINT WARNING * * *
Unknown command.
You miss the jackal. The jackal barely misses you. x2
Unknown command.
You hit the jackal.
The jackal bites you but does no damage.
The jackal barely misses you. The jackal closely misses you.
You hit the jackal but do no damage. The jackal misses you. x2
You miss the jackal. The jackal closely misses you. The jackal bites you.
* * * LOW HITPOINT WARNING * * *
The jackal bites you but does no damage.
Unknown command.
You hit the jackal.
You kill the jackal!
The jackal bites you.
* * * LOW HITPOINT WARNING * * *
Your Short Blades skill increases to level 2!
Unknown command.
You completely miss the jackal. The jackal bites you.
* * * LOW HITPOINT WARNING * * *
Unknown command.
You hit the jackal. The jackal closely misses you. The jackal bites you.
* * * LOW HITPOINT WARNING * * *
Unknown command.
You hit the jackal but do no damage. The jackal closely misses you.
Unknown command.
You closely miss the jackal. The jackal bites you.
You die...

# ## ######## ######
....####...#... ....# .
............#####...### .
##.##.................#####
.###.............h.............
#.#.##.##.......@##.......#
.#.###.###.......†#.......##
..............#...†).......##
..#.#..#####.##..##(........###
).................)...........#
#.#.#..########.###<.†......#.#
##...#.# #.# #.....##.## #
###.##.# #........## .#
.......# ########.# .#


You could see a jackal.

Vanquished Creatures
  A bat (D:2)
  A hobgoblin (D:2)
  4 jackals (D:2)
  A frilled lizard (D:2)
  3 goblins
  A kobold (D:1)
  A rat (D:1)
12 creatures vanquished.

Notes
Turn   | Place    | Note
-------+----------+-------------------------------------------
     0 | D:1      | Lurrus the Vampire Enchanter began the quest for the Orb.
     0 | D:1      | Reached XP level 1. HP: 13/13 MP: 3/3
    61 | D:1      | You fall into a shaft and drop 1 floor!
   171 | D:2      | Reached skill level 5 in Stealth
   171 | D:2      | Reached XP level 2. HP: 15/19 MP: 5/5
   196 | D:2      | Slain by a jackal

Illustrated notes

Levels and vault maps discovered:
D:1:      dreamdust_arrival_sigmund_warning, layout_rooms,
          basic_ecumenical_altar, serial_shops, shop, grunt_decor_one_mirror
D:2:      layout_loops_ring

Skill      XL: |  1  2 |
---------------+-------+-----
Stealth        | 5 |  5.1
Short Blades   | 2 |  2.0
Dodging        | |  2.1
Spellcasting   | |  2.0
Hexes          | |  4.4

Action                     || total
---------------------------++-------
  Melee: Dagger            ||    38
         Bite              ||     2
    Use: Potion            ||     1
   Stab: Invisible         ||     3
         Distracted        ||     1
 Armour: Robe              ||    32
  Dodge: Dodged            ||    44
